 Dungeon Crawl Stone Soup version 0.19.4-10-g532645f (webtiles) character file.

150 HeyBub the Chopper (level 5, -6/47 HPs)
             Began as a Minotaur Monk on Feb 25, 2017.
             Was a Believer of Elyvilon.
             Killed by nerve-wracking pain
             ... invoked by an orc priest
              (11 damage)
             ... on level 4 of the Dungeon.
             The game lasted 00:06:13 (2363 turns).

HeyBub the Chopper (Minotaur Monk)                  Turns: 2363, Time: 00:06:13

Health: -6/47      AC:  4    Str: 15    XL:     5   Next: 10%
Magic:  1/4        EV:  9    Int:  7    God:    Elyvilon [**....]
Gold:   231        SH: 11    Dex: 14    Spells: 0 memorised, 4 levels left

rFire  . . .     SeeInvis .     a - +0 hand axe
rCold  . . .     Gourm    .     d - +0 leather armour
rNeg   . . .     Faith    .     m - +0 large shield
rPois  .         Spirit   .     (helmet restricted)
rElec  .         Reflect  .     (no cloak)
rCorr  .         Harm     .     f - +0 pair of gloves
MR     .....                    (no boots)
Stlth  ++........               (no amulet)
                                (no ring)
                                (no ring)

@: lethally poisoned (-6 -> -12), protection
A: retaliatory headbutt, horns 2
a: Lesser Healing, Heal Other, Divine Protection, Renounce Religion


You were on level 4 of the Dungeon.
You worshipped Elyvilon.
Elyvilon was pleased with you.
You were not hungry.

You visited 1 branch of the dungeon, and saw 4 of its levels.

You collected 231 gold pieces.

Inventory:

Hand Weapons
 a - a +0 hand axe (weapon)
Missiles
 l - 3 tomahawks (quivered)
Armour
 b - a +0 robe
 d - a +0 leather armour (worn)
 f - a +0 pair of gloves (worn)
 m - a +0 large shield (worn)
Jewellery
 g - a cursed ring of teleportation {unknown}
Scrolls
 e - 2 scrolls of remove curse {unknown}
 h - a scroll of immolation {unknown}
 k - 3 scrolls of identify {unknown}
 p - 2 scrolls of blinking {unknown}
 u - 2 scrolls of magic mapping {unknown}
Potions
 i - a potion of heal wounds {unknown}
 j - a potion of might {unknown}
 n - a potion of berserk rage {unknown}
 o - a potion of lignification {unknown}
 q - a potion of cure mutation {unknown}
 t - a potion of brilliance {unknown}
Books
 c - a book of Cantrips

   Spells                             Type                      Level
   a - Confusing Touch                Hexes                        1
   b - Animate Skeleton               Necromancy                   1
   c - Summon Small Mammal            Summoning                    1
   d - Apportation                    Translocation                1
Comestibles
 r - 2 meat rations
 s - a slice of pizza
 v - a beef jerky


   Skills:
 + Level 4.5 Fighting
 + Level 5.0 Axes
 + Level 1.0 Throwing
 + Level 1.4 Armour
 + Level 3.9 Dodging
 + Level 1.7 Stealth
 + Level 1.4 Shields
 + Level 0.2 Invocations


You had 4 spell levels left.
You didn't know any spells.

Dungeon Overview and Level Annotations

Branches:
Dungeon (4/15)
 Temple: D:4-7

Altars:
Cheibriados
Elyvilon
Fedhas


Innate Abilities, Weirdness & Mutations

You reflexively headbutt those who attack you in melee.
You have a pair of horns on your head.


Message History

The orc priest calls upon Beogh to heal the orc priest.
The orc priest is healed somewhat.
The hound barely misses you.
The orc priest mumbles some strange prayers to Beogh against you.
Pain shoots through your body!
* * * LOW HITPOINT WARNING * * *
Press: ? - help, Dir - move target cursor, f - hound Heal: a hound The light of Elyvilon almost touches upon the hound.
You feel quite a bit more hungry. The orc priest barely misses you.
You furiously retaliate!
You headbutt the orc priest. You block the hound's attack.
The orc priest hits you with a dagger of venom.
* * * LOW HITPOINT WARNING * * *
You are lethally poisoned!
You beseech Elyvilon to protect your life.
* * * LOW HITPOINT WARNING * * *
You feel sick. You block the hound's attack.
The orc priest mumbles some strange prayers to Beogh against you.
Pain shoots through your body!
You die...

#..####'###..#
#...# <.
#8..#...8# #...#
##. #....#...#
##.##
....#...#....#
.. #..##.#.#.#.+
#.. .'.#.#.#.##
... #....#...#
##.# #.oo#....#
#8)@.#..8#
#...###h####...#
##............##
#########...##
#.# #


You could see a hound and 2 orc priests.

Vanquished Creatures
  Jessica (D:3)
  A hound skeleton (D:4)
  A howler monkey skeleton (D:4)
  2 adders
  An ooze (D:2)
  A worm (D:3)
  3 dart slugs
  2 leopard geckos
  3 orcs (D:4)
  10 bats
  A giant cockroach (D:1)
  7 goblins
  8 hobgoblins
  9 jackals
  2 kobolds (D:3)
  5 frilled lizards
  4 rats
61 creatures vanquished.

Vanquished Creatures (others)
  A giant cockroach (D:2)
1 creature vanquished.

Grand Total: 62 creatures vanquished

Notes
Turn   | Place    | Note
-------+----------+-------------------------------------------
     0 | D:1      | HeyBub the Minotaur Monk began the quest for the Orb.
     0 | D:1      | Reached XP level 1. HP: 19/19 MP: 0/0
   178 | D:1      | Reached skill level 4 in Axes
   195 | D:1      | Reached XP level 2. HP: 25/27 MP: 1/1
   244 | D:1      | Found a snail-covered altar of Cheibriados.
   582 | D:1      | Reached XP level 3. HP: 25/33 MP: 2/2
   883 | D:2      | Found a white marble altar of Elyvilon.
   977 | D:2      | Became a worshipper of Elyvilon the Healer
   977 | D:2      | Reached * piety under Elyvilon
   977 | D:2      | Reached ** piety under Elyvilon
  1286 | D:2      | Found a blossoming altar of Fedhas.
  1377 | D:2      | Reached XP level 4. HP: 40/40 MP: 3/3
  1590 | D:3      | Reached skill level 1 in Throwing
  1810 | D:3      | Noticed Jessica
  1821 | D:3      | Killed Jessica
  1821 | D:3      | Reached skill level 1 in Armour
  1821 | D:3      | Reached skill level 1 in Shields
  2296 | D:4      | Reached skill level 5 in Axes
  2328 | D:4      | Reached XP level 5. HP: 41/47 MP: 4/4
  2363 | D:4      | Killed from afar by an orc priest

Skill      XL: |  1  2  3  4 |
---------------+-------------+-----
Axes           | 4 5 |  5.0
Fighting       | 4 |  4.5
Throwing       | 1 |  1.0
Armour         | 1 |  1.4
Shields        | 1 |  1.4
Dodging        | |  3.9
Stealth        | |  1.7
Invocations    | |  0.2

Action                   |  1- 3 |  4- 6 || total
-------------------------+-------+-------++-------
Melee: Hand axe          |    70 |    63 ||   133
       Headbutt          |    11 |     9 ||    20
Throw: Tomahawk          |    23 |       ||    23
Invok: Heal Other        |     1 |     2 ||     3
       Divine Protection |       |     1 ||     1
       Lesser Healing    |       |     1 ||     1
 Stab: Sleeping          |       |     1 ||     1
  Eat: Bread ration      |       |     2 ||     2
Armor: Leather armour    |    13 |    14 ||    27
Dodge: Dodged            |    24 |    24 ||    48
Block: Large shield      |    29 |    43 ||    72
